 Dungeon Crawl Stone Soup version 0.17-a0-1397-g0eee0a3 (webtiles) character file.

2137 bal the Ducker (level 9, 0/47 HPs)
             Began as a Vine Stalker Monk on June 17, 2015.
             Was an Elder of Qazlal.
             Slain by a white ugly thing (23 damage)
             ... on level 7 of the Dungeon.
             The game lasted 00:26:59 (5900 turns).

bal the Ducker (Vine Stalker Monk)                  Turns: 5900, Time: 00:26:59

Health: 0/47       AC: 11    Str: 17    XL:     9   Next: 30%
Magic:  0/10       EV: 19    Int: 10    God:    Qazlal [****..]
Gold:   389        SH:  5    Dex: 22    Spells: 0 memorised, 8 levels left

rFire  . . .     SeeInvis .     a - +3 halberd (freeze)
rCold  . . .     Clarity  .     n - +1 ring mail of the End {rElec rN+ Dex+3 Slay+3}
rNeg   + . .     SustAt   .     (no shield)
rPois  .         Gourm    .     j - +2 helmet
rElec  +         Spirit   +     (no cloak)
rCorr  .         Warding  .     k - +1 pair of gloves
rMut   .         Stasis   .     (no boots)
MR     +....                    (no amulet)
Stlth  ++........               d - +3 ring of evasion
                                r - +2 ring of strength

@: repel missiles, somewhat resistant to hostile enchantments, unstealthy
A: fangs 3, regeneration 2, magic shield, antimagic bite, no device heal 3, rot
immunity
a: Upheaval, Elemental Force, Renounce Religion


You were on level 7 of the Dungeon.
You worshipped Qazlal.
Qazlal was greatly pleased with you.
You were not hungry.

You visited 1 branch of the dungeon, and saw 7 of its levels.

You collected 389 gold pieces.

Inventory:

Hand weapons
 a - a +3 halberd of freezing (weapon)
 b - a +0 blowgun
 m - a +0 dagger
 s - a +0 hunting sling
Missiles
 l - 99 sling bullets
 p - 33 poisoned needles
 y - 4 tomahawks (quivered)
Armour
 g - a +0 leather armour of positive energy
 h - a +0 robe
 j - a +2 helmet (worn)
 k - a +1 pair of gloves (worn)
 n - the +1 ring mail of the End (worn) {rElec rN+ Dex+3 Slay+3}
   (You found it on level 5 of the Dungeon)

   It affects your dexterity (+3).
   It affects your accuracy and damage with ranged weapons and melee attacks
   (+3).
   It insulates you from electricity.
   It protects you from negative energy.
 t - a +0 shield
Jewellery
 d - a +3 ring of evasion (right hand)
 r - a +2 ring of strength (left hand)
 x - an uncursed ring of magical power {unknown}
Magical devices
 v - a wand of paralysis (14)
Scrolls
 c - 5 scrolls of identify
 q - a scroll of teleportation
 z - a scroll of amnesia
 A - a scroll of blinking
Potions
 e - a potion of flight
 i - a potion of lignification
 u - a potion of magic
Comestibles
 f - a meat ration
 o - 2 bread rations
 w - a royal jelly


   Skills:
 + Level 5.3 Fighting
 + Level 1.7 Short Blades
 + Level 3.6 Polearms
 + Level 2.6 Throwing
 + Level 2.4 Armour
 + Level 6.6 Dodging
 + Level 4.4 Stealth
 + Level 1.9 Shields
 + Level 4.4 Unarmed Combat


You had 8 spell levels left.
You didn't know any spells.

Dungeon Overview and Level Annotations

Branches:
Dungeon (7/15)             Temple (0/1) D:5

Altars:
Dithmenos
Qazlal


Innate Abilities, Weirdness & Mutations

You have razor-sharp teeth.
You heal very quickly.
When hurt, damage is shared between your health and your magic reserves.
Your bite disrupts and absorbs the magic of your enemies.
Potions and wands cannot restore your health.
You are immune to rotting.


Message History

You drain its power.
The white ugly thing is heavily wounded.
The white ugly thing completely misses you.
You slash the white ugly thing! You freeze the white ugly thing.
The white ugly thing is heavily wounded.
The white ugly thing claws you but does no damage. x2
You closely miss the white ugly thing.
You bite the white ugly thing, but do no damage.
The white ugly thing is heavily wounded.
The white ugly thing barely misses you.
You slash the white ugly thing! You bite the white ugly thing.
You drain its power.
The white ugly thing is severely wounded.
The white ugly thing completely misses you.
You puncture the white ugly thing! You freeze the white ugly thing.
You bite the white ugly thing, but do no damage.
The white ugly thing is almost dead.
The white ugly thing claws you. The white ugly thing freezes you!
The white ugly thing claws you! The white ugly thing freezes you!!
You die...

#..##..)######..#
#.#..§.)(.....#.#
#..###.##.####.##
#..# #.##.# ###
#..# #.##.#
#..###.##.#
#§.....##.#
#u....##...
#@###.# #.# #.#
#.# #?###.#
#.....# #.#.###
#.#†# #....
#..... #......


You could see a white ugly thing.

Vanquished Creatures
  An orc warrior (D:6)
  A black bear (D:6)
  A sky beast (D:6)
  A phantom (D:6)
  The ghost of emiel the Chopper, an average HOGl (D:4)
  An ogre (D:6)
  4 centaurs
  A gnoll sergeant (D:5)
  A giant frog (D:6)
  A water moccasin zombie (D:7)
  2 scorpions
  A crimson imp (D:5)
  A centaur zombie (D:6)
  3 hounds
  An orc priest (D:7)
  5 gnoll shamans (D:5)
  3 worker ants
  An orc wizard (D:3)
  A killer bee zombie (D:7)
  A mummy (D:5)
  9 adders
  32 gnolls (D:5)
  A shadow imp (D:5)
  3 worms
  3 giant geckos
  9 orcs
  3 bat skeletons
  9 giant cockroaches
  15 goblins
  13 hobgoblins
  22 jackals
  6 kobolds
  4 quokkas
  2 ball pythons (D:2)
  8 bats
  A giant gecko skeleton (D:4)
  A giant gecko zombie (D:6)
  5 giant newts
  A kobold zombie (D:5)
  2 orc zombies (D:5)
  9 rats
  2 plants (D:5)
192 creatures vanquished.

Vanquished Creatures (others)
  A rat (D:3)
1 creature vanquished.

Grand Total: 193 creatures vanquished

Notes
Turn   | Place    | Note
--------------------------------------------------------------
     0 | D:1      | bal the Vine Stalker Monk began the quest for the Orb.
     0 | D:1      | Reached XP level 1. HP: 11/11 MP: 2/2
    64 | D:1      | Reached XP level 2. HP: 13/16 MP: 3/3
   534 | D:2      | Reached XP level 3. HP: 14/19 MP: 4/4
  1023 | D:2      | Reached XP level 4. HP: 10/24 MP: 5/5
  1563 | D:3      | Found a stormy altar of Qazlal.
  1579 | D:3      | Became a worshipper of Qazlal Stormbringer
  1579 | D:3      | Acquired Qazlal's first power
  1579 | D:3      | Acquired Qazlal's second power
  1841 | D:3      | Reached XP level 5. HP: 17/28 MP: 6/6
  2666 | D:4      | Gained mutation: You heal very quickly. [Vine Stalker growth]
  2666 | D:4      | Reached XP level 6. HP: 29/32 MP: 7/7
  2850 | D:4      | Noticed emiel's ghost (average HOGl)
  2895 | D:4      | HP: 1/48 [emiel's ghost (3)]
  3196 | D:5      | Entered Level 5 of the Dungeon
  3327 | D:5      | Found a staircase to the Ecumenical Temple.
  3438 | D:5      | Got a fine ring mail
  3439 | D:5      | Identified the cursed +1 ring mail of the End {rElec rN+ Dex+3 Slay+3} (You found it on level 5 of the Dungeon)
  3667 | D:5      | Reached skill level 1 in Throwing
  3788 | D:4      | Killed emiel's ghost
  3788 | D:4      | Reached skill level 1 in Short Blades
  3788 | D:4      | Reached skill level 5 in Dodging
  3788 | D:4      | Reached XP level 7. HP: 16/36 MP: 5/8
  4171 | D:5      | Reached skill level 1 in Armour
  4212 | D:5      | Acquired Qazlal's third power
  4369 | D:5      | Gained mutation: You have razor-sharp teeth. [Vine Stalker growth]
  4369 | D:5      | Reached XP level 8. HP: 34/42 MP: 7/9
  4755 | D:5      | Reached skill level 6 in Dodging
  5259 | D:6      | Reached skill level 1 in Polearms
  5556 | D:6      | Acquired Qazlal's fourth power
  5562 | D:6      | Found a shadowy altar of Dithmenos.
  5590 | D:6      | Reached skill level 1 in Shields
  5598 | D:6      | Reached skill level 5 in Fighting
  5598 | D:6      | Reached XP level 9. HP: 45/47 MP: 10/10
  5891 | D:7      | Noticed a white ugly thing
  5900 | D:7      | Slain by a white ugly thing

Vault maps used:
D:1:      dpeg_arrival_erosion, corexii_leaking_fountain
D:2:      grunt_ministairs_11
D:3:      nicolae_qazlal_eye_of_the_storm, first_bread, minmay_misc_feat_hallway
D:4:      hangedman_glass_teeth
D:5:      lemuel_castle_with_subvaults, minmay_temple_entry_junction2,
          minmay_mini_ossuary
D:6:      nicolae_dithmenos_through_a_glass_darkly
D:7:      uniq_joseph

Action                   |  1- 3 |  4- 6 |  7- 9 || total
-------------------------+-------+-------+-------++-------
Melee: Unarmed           |    30 |       |       ||    30
       Dagger            |    94 |   299 |   148 ||   541
       Halberd           |       |       |   109 ||   109
 Fire: Blowgun           |       |    20 |    10 ||    30
  Use: Scroll            |       |     7 |     6 ||    13
       Potion            |       |     6 |     2 ||     8
 Stab: Sleeping          |     6 |     4 |       ||    10
  Eat: Chunk             |       |     5 |     1 ||     6
       Meat ration       |       |     1 |       ||     1
       Pizza             |       |       |     1 ||     1
       Bread ration      |       |       |     2 ||     2
